 Dungeon Crawl Stone Soup version 0.18.1-50-g88ac8fd (webtiles) character file.

7 mopl the Grasshopper (level 2, -2/15 HPs)
             Began as a Vine Stalker Warper on May 17, 2017.
             Slain by a kobold
             ... wielding a cursed -2 short sword
              (3 damage)
             ... on level 1 of the Dungeon.
             The game lasted 00:00:26 (144 turns).

mopl the Grasshopper (Vine Stalker Warper)           Turns: 144, Time: 00:00:28

Health: -2/15      AC:  3    Str: 13    XL:     2   Next: 0%
Magic:  0/6        EV: 11    Int: 13    God:
Gold:   0          SH:  0    Dex: 13    Spells: 1 memorised, 4 levels left

rFire  . . .     SeeInvis .     a - +0 falchion
rCold  . . .     Gourm    .     b - +0 leather armour
rNeg   . . .     Faith    .     (no shield)
rPois  .         Spirit   +     (no helmet)
rElec  .         Dismiss  .     (no cloak)
rCorr  .         Reflect  .     (no gloves)
SustAt .         Harm     .     (no boots)
MR     .....                    (no amulet)
Stlth  +.........               (no ring)
                                (no ring)

@: not resistant to hostile enchantments, very unstealthy
A: fangs 2, regeneration 1, magic shield, antimagic bite, no device heal 3, rot
immunity
a: no special abilities


You were on level 1 of the Dungeon.
You were not hungry.

You visited 1 branch of the dungeon, and saw 1 of its levels.

Inventory:

Hand Weapons
 a - a +0 falchion (weapon)
Missiles
 e - 5 tomahawks of dispersal (quivered)
Armour
 b - a +0 leather armour (worn)
Scrolls
 d - a scroll of blinking
Potions
 h - a potion of ambrosia {unknown}
 j - a potion of heal wounds {unknown}
Books
 c - a book of Spatial Translocations

   Spells                             Type                      Level
   a - Apportation                    Translocation                1
   b - Blink                          Translocation                2
   c - Shroud of Golubria             Charms/Translocation         2
   d - Portal Projectile              Translocation                3
   e - Teleport Other                 Translocation                3
   f - Passage of Golubria            Translocation                4
Comestibles
 f - a bread ration
 g - 3 chunks of flesh
 i - 2 fruits


   Skills:
 + Level 2.1 Fighting
 + Level 2.0 Long Blades
 - Level 0.8 Throwing
 - Level 0.7 Armour
 - Level 1.5 Dodging
 + Level 0.6 Stealth
 - Level 2.1 Spellcasting
 - Level 3.0 Translocations


You had 4 spell levels left.
You knew the following spells:

 Your Spells              Type           Power        Failure   Level  Hunger
a - Apportation           Tloc           #.........   12%         1    ##.....


Dungeon Overview and Level Annotations

Branches:
Dungeon (1/15)

Altars:


Innate Abilities, Weirdness & Mutations

You have extremely sharp teeth.
Your natural rate of healing is unusually fast.
When hurt, damage is shared between your health and your magic reserves.
Your bite disrupts and absorbs the magic of your enemies.
Potions and wands cannot restore your health.
You are immune to rotting.


Message History

Something hits you but does no damage.
You hit the bat.
You kill the bat!
Your Long Blades skill increases to level 2!
You have reached level 2!
The kobold hits you with a short sword. Something hits you.
The kobold hits you with a short sword.
* * * LOW HITPOINT WARNING * * *
Something hits you but does no damage.
The kobold throws a stone.
The stone hits you.
* * * LOW HITPOINT WARNING * * *
Things that are here:
3 stones; a rat corpse The kobold throws a stone.
You hit something but do no damage. Something hits you.
* * * LOW HITPOINT WARNING * * *
You barely miss something. Your bite misses something. Something hits you.
* * * LOW HITPOINT WARNING * * *
You miss something. You bite something. Something hits you.
You die...

....##.#.##.... #..# ...
#.#.##.... #(.#
#....##.#.##.### #..#
#.......#.##.# #..#
+....(....######
#..###.[...####...... #
#.. ........#......#
###.#.#####.##.!##..###.#
+.....K.@........#...†...
####..###........#..#.#.#
....># #.##..?..#....#.#
.......#
#.#.#.#...#.###.#
...)..... #.#.........#
#.# .........
#.#.#.......# #.#
......... #+#.....##.##
#.# ..........
......##... ..#
.......##### ###


You could see a kobold.

Vanquished Creatures
  2 giant cockroaches (D:1)
  A goblin (D:1)
  3 bats (D:1)
  A rat (D:1)
7 creatures vanquished.

Notes
Turn   | Place    | Note
--------------------------------------------------------------
     0 | D:1      | mopl the Vine Stalker Warper began the quest for the Orb.
     0 | D:1      | Reached XP level 1. HP: 11/11 MP: 4/4
   124 | D:1      | Reached skill level 2 in Fighting
   138 | D:1      | Reached skill level 2 in Long Blades
   138 | D:1      | Reached XP level 2. HP: 10/15 MP: 3/6
   144 | D:1      | Slain by a kobold

Skill      XL: |  1 |
---------------+----+-----
Fighting       | 2 |  2.1
Long Blades    | 2 |  2.0
Throwing       | |  0.8
Armour         | |  0.7
Dodging        | |  1.5
Stealth        | |  0.6
Spellcasting   | |  2.1
Translocations | |  3.0

Action                   || total
-------------------------++-------
Melee: Falchion          ||    23
       Bite              ||     5
 Stab: Sleeping          ||     1
Armor: Leather armour    ||    11
Dodge: Dodged            ||    15
